 Dungeon Crawl Stone Soup version 0.28-a0-447-g1f95980246 (webtiles) character file.

Game seed: 12717316061684374201

123 bjtr the Conjurer (level 4, -6/35 HPs)
             Began as a Demigod Conjurer on Sept 13, 2021.
             Mangled by Terence (10 damage)
             ... on level 2 of the Dungeon.
             The game lasted 00:09:50 (1782 turns).

bjtr the Conjurer (Demigod Conjurer)                Turns: 1782, Time: 00:09:51

Health: -6/35      AC:  4    Str:  8    XL:     4   Next: 52%
Magic:  1/10       EV: 11    Int: 24    God:
Gold:   76         SH:  0    Dex: 12    Spells: 5/8 levels left

rFire   . . .      SeeInvis .   a - +0 short sword
rCold   . . .      Faith    .   (no shield)
rNeg    . . .      Spirit   .   e - +0 leather armour
rPois   .          Reflect  .   h - +0 helmet
rElec   .          Harm     .   (no cloak)
rCorr   .          Rampage  .   (no gloves)
Will    .....                   (no boots)
Stlth   ++........              (no amulet)
HPRegen 0.11/turn               (no ring)
MPRegen 0.12/turn               (no ring)

@: no status effects
A: high mp 1, forlorn
a: no special abilities


You were on level 2 of the Dungeon.
You visited 1 branch of the dungeon, and saw 2 of its levels.

You collected 76 gold pieces.

Inventory:

Hand Weapons
 a - a +0 short sword (weapon)
 c - a +0 whip
 g - a +0 dagger
Missiles
 b - 7 datura-tipped darts (quivered)
 d - 12 bolts
Armour
 e - a +0 leather armour (worn)
 f - a +0 ring mail
 h - a +0 helmet (worn)
 k - a +1 hat
Scrolls
 j - a scroll of immolation {unknown}
Potions
 i - a potion of mutation {unknown}
 l - 2 potions of flight {unknown}


   Skills:
 * Level 1.2 Fighting
 * Level 1.0 Armour
 + Level 1.8 Dodging
 - Level 1.7 Stealth
 * Level 0.7 Shields
 * Level 2.6 Spellcasting
 * Level 4.5 Conjurations


You had 5 spell levels left.
You knew the following spells:

 Your Spells              Type           Power      Damage    Failure   Level
a - Magic Dart            Conj           100%       1d8       2%          1
b - Searing Ray           Conj           50%        2d6       3%          2

Your spell library contained the following spells:

 Spells                   Type           Power      Damage    Failure   Level
 Dazzling Flash           Conj/Hex       28%        N/A       19%         3
 Sublimation of Blood     Necr           1%         N/A       24%         2
 Wereblood                Tmut           3%         N/A       24%         2
 Fulminant Prism          Conj/Hex       7%         3d7       52%         4
 Iskenderun's Mystic Bla  Conj/Tloc      14%        2d5       52%         4
 Summon Hydra             Summ           1%         N/A       100%        7


Dungeon Overview and Level Annotations

Branches:
Dungeon (2/15)

Annotations:
D:2 Terence


Innate Abilities, Weirdness & Mutations

Your attributes grow dramatically as you level up.
You have an increased reservoir of magic. (+10% MP)
You shall have no god before yourself.


Message History

Casting: Searing Ray (safe; 3% risk of failure)
Confirm with . or Enter, or press ? or * to list all spells.
Aiming: Searing Ray (safe; 3% risk of failure)
Press: ? - help, Shift-Dir - straight line, f - you, p - Terence That beam is likely to hit you.
Continue anyway?
Okay, then.
Unknown command.
Unknown command.
Casting: Searing Ray (safe; 3% risk of failure)
Confirm with . or Enter, or press ? or * to list all spells.
Aiming: Searing Ray (safe; 3% risk of failure)
Press: ? - help, Shift-Dir - straight line, f - Terence
Aim: Terence, wielding a +0 hand axe and wearing a +0 chain mail (severely wounded, fast, strong, frenzied and insane, 85% to hit)
The searing ray hits Terence but does no damage.
Terence is severely wounded. (Press . to maintain the ray.) Terence hits you with a +0 hand axe!
Terence closely misses you.
The searing ray hits Terence.
Terence is almost dead.
Terence barely misses you.
The searing ray misses Terence.
Terence hits you with a +0 hand axe. Terence barely misses you.
Terence shouts!
Terence barely misses you.
There is a stone staircase leading up here.
Terence refuses to make way for you. (Use ctrl+direction or * direction to attack.)
You hit Terence but do no damage.
Terence is almost dead.
Terence closely misses you. Terence barely misses you.
You closely miss Terence.
Terence is almost dead.
Terence hits you with a +0 hand axe.
* * * LOW HITPOINT WARNING * * *
Terence hits you with a +0 hand axe.
* * * LOW HITPOINT WARNING * * *
Terence misses you. Terence barely misses you.
You hear a shout!
Terence hits you with a +0 hand axe!
You die...

.#
#.###@...(....#######...#.#
.# #.#
#+####..#.............# .#
#.# ##..#.#...........# .+
... +..............>..+ .#
#.# ##..#.............# ##
#.. ####......##+###'####
#.........##.###.#
#.###@###.##.....# #
#.@<.....##### ####.....#
#....<...# #.####...#
#........# #######..# #..#
#†.# ....


You could see the neutral Terence (fast, strong, insane).

Vanquished Creatures
  A phantom (D:2)
  A worm (D:2)
  4 dart slugs
  2 endoplasms (D:1)
  3 giant cockroaches (D:1)
  5 hobgoblins (D:1)
  2 kobolds
  5 quokkas (D:1)
  A ball python (D:1)
  4 bats (D:1)
  3 frilled lizards
  2 goblins (D:1)
  4 rats
37 creatures vanquished.

Notes
Turn   | Place    | Note
-------+----------+-------------------------------------------
     0 | D:1      | bjtr the Demigod Conjurer began the quest for the Orb.
     0 | D:1      | Reached XP level 1. HP: 14/14 MP: 5/5
    10 | D:1      | Noticed a centaur
   528 | D:1      | Reached XP level 2. HP: 22/22 MP: 4/7
   601 | D:1      | Learned a level 2 spell: Searing Ray
   637 | D:1      | Reached skill level 4 in Conjurations
  1254 | D:1      | Reached XP level 3. HP: 27/27 MP: 3/8
  1498 | D:2      | Reached skill level 1 in Fighting
  1568 | D:2      | Noticed a phantom
  1579 | D:2      | Killed a phantom
  1580 | D:2      | Reached skill level 1 in Armour
  1580 | D:2      | Reached XP level 4. HP: 25/35 MP: 0/10
  1728 | D:2      | Noticed Terence
  1782 | D:2      | Mangled by Terence

Illustrated notes

Levels and vault maps discovered:
D:1:      evilmike_arrival_come_back, layout_basic,
          ebering_ecumenical_altar_petrified
D:2:      layout_basic, uniq_terence, uniq_sigmund, uniq_crazy_yiuf_cottage

Skill      XL: |  1  2  3 |
---------------+----------+-----
Spellcasting   | 2 |  2.6
Conjurations   | 4 |  4.5
Fighting       | 1 |  1.2
Armour         | 1 |  1.0
Dodging        | |  1.8
Stealth        | |  1.7
Shields        | |  0.7

Action                   |  1- 3 |  4- 6 || total
-------------------------+-------+-------++-------
Melee: Whip              |    21 |       ||    21
       Short sword       |     2 |     2 ||     4
Throw: Dart              |     2 |     1 ||     3
 Cast: Magic Dart        |    29 |       ||    29
       Searing Ray       |    18 |     5 ||    23
  Use: Scroll            |     1 |       ||     1
 Stab: Sleeping          |     1 |       ||     1
Armor: Robe              |     4 |       ||     4
       Leather armour    |     6 |       ||     6
Dodge: Dodged            |    29 |    10 ||    39

Table legend: (Time is in decaauts)
 A = Elapsed time spent in this place.
 B = Non-inter-level travel time spent in this place.
 C = Inter-level travel time spent in this place.
 D = Time resting spent in this place.
 E = Time spent auto-exploring this place.
 F = Levels seen in this place.
 G = Mean time per level.
                   A        B        C        D        E       F      G
               +--------+--------+--------+--------+--------+-----+--------+
         Total |   1783 |   1767 |     16 |    697 |    643 |   2 |  891.5 |
       Dungeon |   1783 |   1767 |     16 |    697 |    643 |   2 |  891.5 |
               +--------+--------+--------+--------+--------+-----+--------+

Top non-repeatable levels by time:
     D:1: 1479 daAuts
     D:2: 303 daAuts
